Map: [ESL] Inside and Out

Players

milkicow

  • Race: Terran Terran
  • Spawn Location: 7:00

goblin - Winner!

  • Race: Protoss Protoss
  • Spawn Location: 1:00

Event: DreamHack SC2 Masters 2022 Atlanta (Online)

VOD

Have the link to the VOD?

Description

Time

  • Played on: Oct. 9, 2022, 1:26 p.m.
  • Length: 15:53

All games in this series

Show
View Real Time Build Order
Export as new Build Order

milkicow Terran 

Build Orders:  

Get SALT Encoding   

  12  0:00  SCV  
  13  0:12  SCV  
  14  0:16  Supply Depot  
  14  0:24  SCV  
  15  0:38  SCV  
  15  0:39  Barracks  
  16  0:43  Refinery  
  16  0:50  SCV  
  16  0:53  Refinery  
  17  1:02  SCV  
  18  1:14  SCV  
  19  1:26  Reaper, Orbital Command  
  19  1:28  Supply Depot  
  20  1:42  Factory  
  20  1:52  SCV  
  21  2:03  Barracks Reactor  
  21  2:04  SCV  
  22  2:15  Command Center  
  22  2:17  SCV  
  23  2:30  SCV  
  24  2:37  Starport  
  24  2:43  Hellion x2  
  28  2:45  Supply Depot  
  28  2:48  SCV  
  29  2:51  Barracks Tech Lab  
  29  3:00  SCV  
  30  3:14  Cyclone  
  30  3:15  Marine x2  
  30  3:16  SCV  
  36  3:25  Viking  
  38  3:33  SCV  
  38  3:34  Marine x2  
  38  3:35  Orbital Command  
  40  3:45  SCV  
  40  3:48  Cyclone  
  44  3:52  Marine x2  
  46  3:57  SCV  
  46  3:59  Barracks  
  46  4:01  SCV  
  49  4:10  SCV  
  49  4:12  Supply Depot  
  49  4:13  SCV  
  50  4:20  Marine x2  
  50  4:21  Starport Tech Lab  
  50  4:22  SCV  
  53  4:27  Barracks  
  53  4:29  SCV  
  54  4:34  Engineering Bay, SCV  
  55  4:39  Refinery  
  55  4:41  SCV  
  55  4:43  Siege Tank  
  59  4:46  SCV  
  59  4:48  Starport Reactor  
  59  4:49  Supply Depot  
  60  4:53  Supply Depot, SCV  
  60  4:55  Stimpack  
  60  4:58  SCV  
  62  5:03  Terran Infantry Weapons Level 1  
  62  5:10  Marine x3  
  62  5:11  SCV x2  
  65  5:14  Supply Depot  
  63  5:23  SCV x2  
  63  5:25  Factory Reactor  
  65  5:28  Marine  
  65  5:29  Supply Depot, Combat Shield  
  65  5:30  Marine x2  
  65  5:31  Marine  
  65  5:34  Medivac  
  65  5:35  SCV  
  72  5:36  SCV  
  72  5:46  Marine  
  72  5:47  Medivac  
  75  5:51  Command Center  
  75  5:52  Marine  
  75  5:53  SCV  
  75  5:54  SCV  
  78  5:58  Marine  
  78  6:00  Supply Depot  
  78  6:01  Marine  
  80  6:05  Marine  
  80  6:07  Widow Mine x2  
  80  6:09  Medivac  
  80  6:10  Marine  
  89  6:15  Missile Turret  
  89  6:16  Refinery  
  88  6:19  Marine  
  88  6:20  Medivac  
  88  6:21  Marine  
  88  6:22  Marine  
  88  6:25  SCV  
  94  6:29  SCV  
  94  6:30  Supply Depot  
  94  6:31  Widow Mine x2  
  99  6:36  Marine  
  99  6:37  Marauder  
  101  6:42  SCV  
  102  6:49  Supply Depot  
  102  6:51  Marine  
  102  6:52  Marauder  
  102  6:54  Widow Mine x2, Marine  
  110  7:03  SCV x2, Marauder  
  110  7:04  Barracks  
  110  7:05  Ghost Academy, Barracks  
  114  7:13  Marine  
  114  7:14  Marauder  
  114  7:15  SCV  
  118  7:22  Marine  
  119  7:24  Marauder  
  119  7:29  SCV  
  122  7:31  Marine  
  122  7:33  SCV  
  122  7:35  Marauder  
  121  7:38  Widow Mine  
  121  7:39  Widow Mine  
  121  7:40  Marine  
  121  7:41  SCV  
  124  7:46  SCV, Marauder  
  124  7:47  Orbital Command  
  124  7:49  Marine  
  126  7:53  SCV  
  126  7:57  Marauder  
  126  7:58  SCV  
  127  8:02  Marine  
  123  8:06  Barracks Tech Lab  
  123  8:08  SCV  
  124  8:13  Marine  
  124  8:14  Widow Mine  
  124  8:15  SCV, Widow Mine  
  124  8:17  SCV, Medivac x2  
  124  8:19  Ghost  
  132  8:22  Supply Depot  
  132  8:23  Barracks Reactor, Supply Depot  
  132  8:26  Marine  
  133  8:34  Supply Depot  
  133  8:43  Ghost  
  133  8:44  Marauder, Marine x2  
  133  8:45  Widow Mine x2  
  133  8:48  Marauder  
  145  8:49  Armory  
  145  8:51  Engineering Bay  
  139  9:00  SCV x2  
  139  9:01  Medivac x2, Marine  
  139  9:02  Marine  
  143  9:06  SCV, Marauder  
  143  9:07  Marine  
  143  9:09  Marauder  
  148  9:12  SCV  
  148  9:13  Marauder  
  148  9:14  Command Center, Refinery  
  148  9:16  Refinery  
  149  9:27  Marauder  
  149  9:28  Marine  
  149  9:29  Marine x2  
  149  9:30  Marine  
  149  9:31  Marauder  
  138  9:33  Widow Mine x2  
  138  9:34  Marauder  
  124  9:39  SCV  
  124  9:44  Viking x2  
  124  9:46  Marine  
  124  9:47  Marine  
  124  9:48  Marauder  
  124  9:52  Marauder, Marine  
  131  9:54  Widow Mine  
  131  9:55  Marine, Ghost  
  131  9:59  Widow Mine  
  138  10:03  Marine  
  138  10:05  Marine  
  140  10:10  Marauder, Marine  
  140  10:11  SCV  
  140  10:14  Marauder  
  145  10:16  SCV, Marine  
  145  10:20  SCV, Orbital Command  
  140  10:21  Marine  
  140  10:24  Marauder  
  140  10:25  Marine  
  140  10:26  SCV  
  127  10:29  Marine  
  127  10:31  Marauder  
  125  10:38  Marauder  
  125  10:40  Marine  
  116  10:44  SCV x2  
  116  10:46  Marauder  
  116  10:47  SCV  
  117  11:01  Marine  
  117  11:02  SCV  
  117  11:03  Marauder  
  110  11:04  SCV  
  110  11:07  Marauder, Marine  
  110  11:08  Marine  
  110  11:09  SCV, Widow Mine  
  110  11:16  Widow Mine  
  108  11:23  Ghost  
  108  11:28  Orbital Command  
  108  11:29  SCV  
  108  11:31  SCV  
  106  11:33  SCV  
  106  11:37  Medivac  
  106  11:39  Medivac  
  111  11:43  Ghost  
  111  11:45  SCV  
  114  11:49  Ghost  
  114  11:56  SCV, Widow Mine x2  
  114  11:57  SCV  
  114  11:59  Marauder  
  117  12:12  Marine  
  117  12:13  Marauder  
  117  12:14  Medivac x2  
  114  12:17  SCV x2, Ghost  
  114  12:19  SCV x2  
  120  12:24  Marine  
  120  12:26  Widow Mine x2  
  120  12:29  SCV x2  
  126  12:31  SCV x2  
  127  12:40  Marine  
  127  12:41  Marauder x2  
  132  12:45  Supply Depot, Marine x2  
  132  12:46  SCV x2  
  136  12:54  Marauder, Marine  
  136  12:57  Orbital Command  
  136  12:58  Marine  
  140  13:02  Marauder  
  140  13:05  Supply Depot, Marine  
  143  13:06  Marauder  
  143  13:09  SCV x2  
  141  13:16  Marauder, Marine  
  133  13:28  Marine  
  133  13:29  Marauder x2, Marine  
  133  13:30  Marine  
  136  13:36  Marine  
  136  13:38  Marauder  
  138  13:45  Missile Turret  
  138  13:47  Missile Turret  
  137  13:50  Marine x2  
  137  13:52  Marauder  
  114  14:50  Marine  
  114  14:51  Widow Mine, Marauder, Marine x2  
  110  14:53  Marine  
  110  14:54  Marine  
  110  14:56  Marauder  
  105  15:01  SCV  
  105  15:02  Orbital Command  
  93  15:08  Marauder  
  93  15:09  Widow Mine, Marine x2  
  93  15:10  Marine  
  93  15:12  Refinery x2, Marauder, Marine  
  103  15:17  Marine  
  103  15:18  Refinery, Widow Mine  
  105  15:21  Supply Depot  
  105  15:22  Supply Depot, Refinery  
  105  15:27  Marine x2  
  107  15:28  SCV, Marine  
  107  15:29  Marine  
  110  15:40  SCV  
Show
View Real Time Build Order
Export as new Build Order

goblin Protoss - Winner!

Build Orders: 1 Gate Expand, Phoenix Opening 

Get SALT Encoding   

  12  0:00  Probe  
  13  0:12  Probe  
  14  0:17  Pylon  
  14  0:24  Probe (Chrono Boost)  
  15  0:36  Probe (Chrono Boost)  
  15  0:37  Gateway  
  16  0:45  Probe (Chrono Boost), Assimilator  
  17  0:50  Probe  
  18  1:03  Probe  
  19  1:15  Probe  
  20  1:24  Cybernetics Core  
  20  1:33  Nexus  
  20  1:35  Probe  
  21  1:43  Pylon  
  21  1:47  Probe  
  21  1:52  Assimilator  
  22  1:59  Adept (Chrono Boost)  
  22  2:00  Probe  
  23  2:08  Warp Gate  
  25  2:12  Probe  
  26  2:21  Stalker  
  28  2:24  Probe  
  29  2:36  Probe  
  30  2:43  Stargate  
  30  2:45  Probe  
  30  2:48  Probe (Chrono Boost)  
  32  2:57  Probe (Chrono Boost)  
  33  2:58  Stalker  
  33  3:00  Probe (Chrono Boost)  
  37  3:06  Probe (Chrono Boost)  
  37  3:07  Shield Battery, Probe (Chrono Boost)  
  37  3:11  Probe (Chrono Boost)  
  37  3:15  Probe, Gateway  
  39  3:23  Probe  
  40  3:27  Probe  
  38  3:34  Phoenix (Chrono Boost)  
  38  3:35  Probe  
  38  3:39  Probe  
  42  3:46  Robotics Facility  
  42  3:47  Probe  
  43  3:51  Probe  
  43  3:52  Pylon  
  43  3:53  Assimilator  
  44  3:58  Phoenix (Chrono Boost)  
  46  4:08  Assimilator  
  46  4:10  Probe x2, Pylon  
  46  4:12  Adept  
  50  4:18  Phoenix (Chrono Boost)  
  50  4:22  Probe (Chrono Boost)  
  54  4:27  Pylon  
  54  4:28  Probe (Chrono Boost)  
  54  4:31  Adept, Probe (Chrono Boost)  
  57  4:38  Immortal (Chrono Boost)  
  61  4:40  Probe  
  62  4:47  Phoenix  
  62  4:50  Probe  
  65  4:53  Probe  
  65  4:56  Pylon  
  66  5:00  Robotics Bay  
  66  5:10  Probe x2  
  66  5:11  Phoenix  
  70  5:16  Immortal (Chrono Boost)  
  74  5:30  Nexus  
  74  5:33  Pylon  
  74  5:37  Phoenix  
  76  5:46  Probe x2  
  76  5:47  Extended Thermal Lance  
  78  5:51  Observer (Chrono Boost)  
  78  5:53  Pylon  
  79  5:57  Shield Battery  
  79  6:11  Phoenix, Colossus (Chrono Boost)  
  81  6:15  Probe  
  81  6:17  Probe  
  89  6:21  Adept, Zealot  
  93  6:27  Probe  
  94  6:40  Pylon  
  94  6:42  Probe x2  
  94  6:47  Zealot, Sentry  
  98  6:48  Probe  
  107  6:54  Probe x2  
  107  7:00  Probe  
  110  7:06  Probe x2  
  112  7:09  Pylon  
  112  7:11  Twilight Council  
  112  7:13  Probe  
  113  7:15  Gateway  
  113  7:18  Gateway, Probe x2  
  113  7:21  Shield Battery  
  115  7:25  Probe  
  111  7:30  Probe x2  
  111  7:33  Robotics Facility  
  111  7:35  Robotics Facility, Pylon  
  107  7:37  Probe  
  107  7:42  Probe x2  
  107  7:43  Phoenix  
  112  7:46  Assimilator  
  112  7:48  Assimilator, Pylon  
  112  7:49  Probe  
  113  7:53  Charge  
  113  7:54  Probe  
  113  7:56  Probe  
  113  7:58  Zealot x2  
  119  8:02  Probe  
  118  8:07  Probe  
  119  8:15  Phoenix (Chrono Boost)  
  119  8:19  Gateway  
  119  8:20  Gateway  
  119  8:22  Zealot x4, Pylon  
  119  8:23  Colossus  
  119  8:26  Colossus (Chrono Boost)  
  139  8:34  Phoenix  
  127  8:48  Probe  
  127  8:49  Probe  
  127  8:53  Zealot x4  
  134  9:01  Phoenix  
  128  9:11  Templar Archives  
  128  9:15  Immortal (Chrono Boost)  
  128  9:17  Warp Prism (Chrono Boost)  
  134  9:26  Phoenix  
  119  9:31  Stalker  
  119  9:32  Probe  
  118  9:38  Zealot x5  
  128  9:57  Assimilator  
  128  9:58  Zealot  
  130  10:01  Pylon  
  130  10:04  Zealot, High Templar x4  
  140  10:09  Archon  
  140  10:12  Archon  
  139  10:16  Immortal  
  139  10:18  Colossus, Pylon  
  139  10:21  Pylon  
  127  10:56  Gateway  
  125  11:00  Gateway  
  117  11:10  Observer  
  117  11:12  Observer  
  118  11:26  Pylon x2  
  118  11:27  Pylon x2  
  118  11:28  Pylon  
  118  11:33  Observer (Chrono Boost)  
  118  11:44  Immortal (Chrono Boost)  
  122  11:52  Colossus (Chrono Boost)  
  122  11:58  Zealot x7  
  132  12:13  Colossus (Chrono Boost)  
  126  12:32  Stalker  
  126  12:33  Zealot x3, Stalker x3  
  126  12:34  Observer  
  139  13:04  Zealot x7  
  138  13:27  High Templar x4  
  138  13:28  Zealot x2  
  138  13:32  Archon x2  
  150  13:46  Pylon  
  150  13:51  Pylon  
  130  14:28  Colossus x2 (Chrono Boost)  
  124  14:42  Observer  
  124  14:43  Zealot x3  
  124  14:44  Zealot x4  
  124  15:13  Observer  
  124  15:16  Observer x2 (Chrono Boost)  
  126  15:30  Zealot x6  
  126  15:31  Zealot  
Tags
 
Add a new tag
Caveats
  • Supply blocks, unpowered buildings, or Contaminate may cause inaccurate times.
  • Supply counts are checked every 10 seconds.